 Dungeon Crawl Stone Soup version 0.28-a0-1348-g050f3537b9 (webtiles) character file.

Game seed: 10037295013645843239

211 Cheeritup the Grave Robber (level 5, -2/28 HPs)
             Began as a Deep Elf Necromancer on Dec 30, 2021.
             Slain by Robin (4 damage)
             ... on level 4 of the Dungeon.
             The game lasted 00:18:54 (5348 turns).

Cheeritup the Grave Robber (Deep Elf Necromancer)   Turns: 5348, Time: 00:18:55

Health: -2/28      AC:  5    Str:  5      XL:     5   Next: 57%
Magic:  11/14      EV: 12    Int: 27 (28) God:
Gold:   90         SH:  0    Dex: 14 (15) Spells: 4/13 levels left

rFire   . . .      SeeInvis .   p - +1 flail (protect)
rCold   . . .      Faith    .   (no shield)
rNeg    . . .      Spirit   .   o - +0 leather armour
rPois   .          Reflect  .   (no helmet)
rElec   .          Harm     .   i - scarf {repulsion}
rCorr   .          Rampage  .   j - +1 Delatra's gloves {ID++}
Will    .....                   (no boots)
Stlth   ++........              (no amulet)
HPRegen 0.09/turn               n - +6 ring of intelligence
MPRegen 0.14/turn               (no ring)

@: repel missiles
A: no striking features
a: no special abilities


You were on level 4 of the Dungeon.
You visited 2 branches of the dungeon, and saw 5 of its levels.

You collected 90 gold pieces.

Inventory:

Hand Weapons
 p - a +1 flail of protection (weapon)
Missiles
 h - 4 atropa-tipped darts
Armour
 a - a +0 robe
 i - a scarf of repulsion (worn)
 j - the +1 Delatra's gloves (worn) {ID++}
   (You found it on level 2 of the Dungeon)

   It heals its wearer when they drink unknown potions.
   It restores its wearer's MP when they read unknown scrolls.
 o - a +0 leather armour (worn)
Jewellery
 n - a +6 ring of intelligence (left hand)
Wands
 k - a wand of flame (16)
Scrolls
 b - a scroll of immolation
 c - a scroll of teleportation {unknown}
 f - a scroll of identify {unknown}
 l - a scroll of enchant weapon {unknown}
 m - a scroll of summoning {unknown}
Potions
 d - a potion of ambrosia {unknown}
 e - a potion of might {unknown}
 g - a potion of resistance {unknown}


   Skills:
 + Level 4.0 Dodging
 + Level 4.2 Stealth
 + Level 4.7 Spellcasting
 + Level 5.9 Necromancy


You had 4 spell levels left.
You knew the following spells:

 Your Spells              Type           Power      Damage    Failure   Level
a - Pain                  Necr           100%       1d9       1%          1
b - Animate Skeleton      Necr           76%        N/A       1%          1
c - Vampiric Draining     Necr           38%        2d8       3%          3
d - Animate Dead          Necr           19%        N/A       11%         4

Your spell library contained the following spells:

 Spells                   Type           Power      Damage    Failure   Level
 Agony                    Necr           38%        N/A       30%         5
 Fireball                 Conj/Fire      3%         3d4       98%         5
 Iskenderun's Battlesphe  Conj           6%         2d6       98%         5
 Conjure Ball Lightning   Conj/Air       3%         3x3d6     100%        6
 Orb of Destruction       Conj           3%         9d1       100%        7


Dungeon Overview and Level Annotations

Branches:
Dungeon (4/15)             Temple (1/1) D:4

Altars:
Ashenzari
Dithmenos
Elyvilon
Hepliaklqana
Okawaru
Qazlal
Uskayaw
Vehumet
Xom
Zin

Shops:
D:3 :

Annotations:
D:3 Sigmund
D:4 Menkaure, Robin


Message History

You feel sick. Robin hits you but does no damage.
You feel sick. The goblin misses you. Robin closely misses you.
Things that are here:
a +2 dagger of venom; a +0 club You miss the goblin.
You feel sick. The goblin barely misses you.
Robin roars a battlecry!
The goblin goes into a battle-frenzy!
The goblin hits you but does no damage.
You closely miss the goblin.
* * * LOW HITPOINT WARNING * * *
You feel sick. Robin misses you. The goblin closely misses you.
Robin says, "My army is invincible!"
Robin hits you but does no damage.
Aiming: Pain (safe; 1% risk of failure)
Press: ? - help, Q - select action, (/) - cycle Shift-Dir - straight line, f - goblin
Aim: a goblin, wielding a +0 antimagic dagger (strong, chance to affect: 93%)
The goblin writhes in agony.
You kill the goblin!
* * * LOW HITPOINT WARNING * * *
You feel sick.
You are no longer poisoned.
Robin closely misses you.
Aiming: Pain (safe; 1% risk of failure)
Press: ? - help, Q - select action, (/) - cycle Shift-Dir - straight line, f - goblin
Aim: a goblin, wielding a +0 dagger (chance to affect: 93%)
The goblin writhes in agony.
The goblin hits you but does no damage.
Robin roars a battlecry!
The goblin goes into a battle-frenzy!
Aiming: Pain (safe; 1% risk of failure)
Press: ? - help, Q - select action, (/) - cycle Shift-Dir - straight line, f/p - goblin
Aim: a goblin, wielding a +0 dagger (severely wounded, strong, chance to affect: 93%)
The goblin writhes in agony.
You kill the goblin!
Robin closely misses you.
Things that are here:
a +0 dagger; a +0 antimagic dagger Robin barely misses you.
Robin hits you with a +1 vampiric dagger.
You die...

...
....###.####...........
... ##
#....8........^..
##.##.............
#..###8........... #.##
##...........
########### #.#
#...........
..##......# #.#
#....°.°....
#.##.#....# #.#
#.°...°...○○
..##......######@#
#...........
#).............g.#
#...........
#)##......########
).##.#.[..# ####......#
########


You could see Robin.

Vanquished Creatures
  2 hounds (D:4)
  A howler monkey skeleton (D:4)
  4 adders
  An adder skeleton (D:4)
  A worm (D:2)
  A dart slug (D:1)
  9 orcs
  5 bats
  4 endoplasms
  4 giant cockroaches
  20 goblins
  3 hobgoblins
  6 jackals
  2 kobolds
  2 quokkas
  5 ball pythons
  4 frilled lizards
  14 rats
88 creatures vanquished.

Vanquished Creatures (collateral kills)
  A bat (D:2)
1 creature vanquished.

Grand Total: 89 creatures vanquished

Notes
Turn   | Place    | Note
-------+----------+-------------------------------------------
     0 | D:1      | Cheeritup the Deep Elf Necromancer began the quest for the
                  | Orb.
     0 | D:1      | Reached XP level 1. HP: 10/10 MP: 6/6
   146 | D:1      | Learned a level 1 spell: Animate Skeleton
   251 | D:1      | Found a faded altar of an unknown god.
   415 | D:1      | Reached skill level 5 in Necromancy
   416 | D:1      | Reached XP level 2. HP: 8/15 MP: 4/8
  1453 | D:1      | Found a broken altar of Ashenzari.
  1531 | D:2      | Reached XP level 3. HP: 18/19 MP: 8/10
  1922 | D:2      | Found the +1 Delatra's gloves {ID++}
  2966 | D:2      | Reached XP level 4. HP: 22/24 MP: 9/11
  3334 | D:2      | Learned a level 3 spell: Vampiric Draining
  3339 | D:2      | Learned a level 4 spell: Animate Dead
  3592 | D:3      | Noticed Sigmund
  3782 | D:3      | Found Mefu's Book Boutique.
  3838 | D:3      | Found a hazy altar of Hepliaklqana.
  3878 | D:3      | HP: 1/24 [adder (2)]
  4282 | D:2      | You fall into a shaft and drop 2 floors!
  4328 | D:4      | Noticed Menkaure
  4538 | D:4      | Reached XP level 5. HP: 26/28 MP: 10/13
  4838 | D:4      | Found a staircase to the Ecumenical Temple.
  4847 | Temple   | Entered the Ecumenical Temple
  5299 | D:4      | Noticed Robin
  5329 | D:4      | HP: 1/28 [poisoned by a goblin]
  5348 | D:4      | Slain by Robin

Illustrated notes

Levels and vault maps discovered:
D:1:      dpeg_arrival_three_smaller_balls, layout_basic,
          hellmonk_ecumenical_altar_blasted, minmay_misc_feat_five,
          kennysheep_flooded_box, chequers_serial_rivers_large_b
D:2:      layout_basic, kennysheep_minor_cross, minmay_rat_gold_closets
D:3:      layout_rooms, tso_metal_star, worldfamousw_hep_ancestral_shrine,
          serial_shops, nicolae_shop_waterfront, minmay_pentangle, uniq_sigmund
D:4:      layout_loops_cross, cheibriados_altar_1, lemuel_temple_firewalk_a,
          grunt_ministairs_9, uniq_robin, uniq_menkaure
Temple:   jpeg_temple_island

Skill      XL: |  1  2  3  4  5 |
---------------+----------------+-----
Necromancy     | 5 |  5.9
Stealth        | 3 4 |  4.2
Dodging        | 3 4 |  4.0
Spellcasting   | 4 |  4.7

Action                   |  1- 3 |  4- 6 || total
-------------------------+-------+-------++-------
Melee: Unarmed           |     2 |       ||     2
       Flail             |       |    24 ||    24
 Cast: Pain              |    84 |    77 ||   161
       Animate Skeleton  |     7 |     5 ||    12
       Animate Dead      |       |     1 ||     1
       Vampiric Draining |       |     1 ||     1
  Use: Potion            |       |     1 ||     1
 Stab: Sleeping          |       |     1 ||     1
Armor: Robe              |     5 |       ||     5
       Skin              |       |     2 ||     2
       Leather armour    |       |    13 ||    13
Dodge: Dodged            |    23 |    36 ||    59

Table legend: (Time is in decaauts)
 A = Elapsed time spent in this place.
 B = Non-inter-level travel time spent in this place.
 C = Inter-level travel time spent in this place.
 D = Time resting spent in this place.
 E = Time spent auto-exploring this place.
 F = Levels seen in this place.
 G = Mean time per level.
                   A        B        C        D        E       F      G
               +--------+--------+--------+--------+--------+-----+--------+
         Total |   5424 |   5368 |     56 |   1486 |   2508 |   5 | 1084.8 |
       Dungeon |   4994 |   4938 |     56 |   1486 |   2251 |   4 | 1248.5 |
        Temple |    429 |    429 |      0 |      0 |    256 |   1 |  429.0 |
               +--------+--------+--------+--------+--------+-----+--------+

Top non-repeatable levels by time:
     D:2: 2402 daAuts
     D:1: 1526 daAuts
     D:4: 686 daAuts
  Temple: 429 daAuts
     D:3: 379 daAuts
